 Dungeon Sprint DCSS version 0.31-a0-435-g2c6fae2916 (webtiles) character file.

Game seed: 458302284720032424

870 rocky1 the Grappler (level 7, 0/58 HPs)
             Began as a Red Draconian Shapeshifter on Aug 2, 2023.
             Was an Initiate of Gozag.
             Slain by a shadow wraith (17 damage)
             ... in the Dungeon (Sprint VII: "The Pits").
             The game lasted 00:01:34 (1282 turns).

rocky1 the Grappler (Red Draconian Shapeshifter)    Turns: 1282, Time: 00:01:36

Health: 0/58       AC:  6    Str: 17    XL:     7   Next: 73%
Magic:  7/7        EV: 14    Int: 10    God:    Gozag
Gold:   1197       SH:  0    Dex: 12    Spells: 6/6 levels left

rFire   + .          .
                       - Unarmed
rCold   . . .        (no shield)
rNeg    . . .        (body armour unavailable)
rPois   .            (helmet currently unavailable)
rElec   .            (cloak currently unavailable)
rCorr   .            (gloves currently unavailable)
SInv    .            (boots currently unavailable)
Will    .....        (no amulet)
Stlth   ++           (no ring)
HPRegen 0.29/turn    (no ring)
MPRegen 0.10/turn

%: no teleportation
@: short of breath, beast-form, spiked, gold aura
A: beast (slay +6), breathe fire, AC +6, unfitting armour, fire resistance 1,
cold-blooded
a: Breathe Fire, Begin Untransformation, Renounce Religion, Potion Petition,
Call Merchant, Bribe Branch


You were in the Dungeon.
You worshipped Gozag.
Gozag was most pleased with you.
You were a hulking beast.
You visited 1 branch You collected 1197 gold pieces.

Inventory:

Talismans
 b - a beast talisman (active)
Scrolls
 h - a scroll of blinking
 j - 5 scrolls of amnesia
 k - a scroll of butterflies
Potions
 a - a potion of lignification
 c - 6 potions of curing
 d - 5 potions of heal wounds
 e - a potion of haste
 f - 4 potions of magic
 g - 2 potions of berserk rage
 i - 2 potions of invisibility


   Skills:
 + Level 3.7 Fighting
 + Level 5.9 Dodging
 + Level 2.0 Stealth
 + Level 11.5 Unarmed Combat
 + Level 9.4 Shapeshifting


You had 6 spell levels left.
You didn't know any spells.
Your spell library was empty.

Dungeon Overview and Level Annotations

Branches:
Dungeon (1/1)

Altars:
Ashenzari
Cheibriados
Dithmenos
Elyvilon
Fedhas
Gozag
Hepliaklqana
Kikubaaqudgha
Makhleb
Nemelex Xobeh
Okawaru
Qazlal
Ru
Sif Muna
Trog
Uskayaw
Vehumet
Wu Jian
Xom
Yredelemnul
Zin
The Shining One
Jiyva
Lugonu


Innate Abilities, Weirdness & Mutations

You are a hulking beast.
Your limbs bulge with bestial killing power. (Slay +6)
You can breathe blasts of fire.
Your fiery red scales are hard. (AC +6)
You cannot fit into any form of body armour.
Your flesh is heat resistant. (rF+)
You are cold-blooded and may be slowed by cold attacks.


Message History

You open the door.
An ice beast and a red devil come into view.
You hear a chilling moan.
There is an open door, spattered with blood here.
Aiming: Breathe Fire (5% risk of failure)
Press: ? - help, Shift-Dir - straight line, f - ice beast
Aim: an ice beast (68% to hit)
You fail to use your ability.
Unknown command.
You punch the ice beast!
The ice beast is heavily wounded.
The ice beast closely misses you.
You hit the ice beast.
The ice beast is heavily wounded.
You hit the ice beast.
The ice beast is severely wounded.
The red devil hits you from afar with a +0 trident.
Barbed spikes become lodged in your body.
The ice beast completely misses you.
Aiming: Breathe Fire (5% risk of failure)
Press: ? - help, Shift-Dir - straight line, p - ice beast You breathe a blast of fire.
The fiery breath hits the ice beast!
The ice beast melts!
You kill the ice beast!
The red devil hits you from afar with a +0 trident.
Barbed spikes become lodged in your body.
Your Stealth skill increases to level 2!
Unknown command.
The barbs in your skin will harm you if you move.
Continue?
Deactivating autopickup; reactivate with Ctrl-A.
You punch something! Something hits you!!
The red devil hits you from afar with a +0 trident.
Barbed spikes become lodged in your body.
You hit something. You punch something.
The red devil hits you from afar with a +0 trident!
* * * LOW HITPOINT WARNING * * *
Barbed spikes become lodged in your body.
Something hits you!
You die...
Your body crumbles into a pile of gold.

#.##)####))##.......#
#.#.....#[[##.......#
#.#.....#'###...<...#
#.#........##.......#
#.#........##.......#
#'###########.......#
#.).....#..##########
#.......#.# ###
#...#...#h# ...#
#..###..#$#.Y..#
#...#...#.4....+
#.......#'#....#
#.......'☼#....#
########### ####


You could see a red devil.

Vanquished Creatures
  A blink frog (D)
  Sigmund (D)
  A warg (D)
  2 water moccasins (D)
  An ice beast (D)
  A scorpion (D)
  An adder (D)
  A river rat (D)
  An ufetubus (D)
  A worm (D)
  A bat skeleton (D)
  An endoplasm (D)
  A giant cockroach (D)
  3 jackals (D)
  A kobold (D)
  A ball python (D)
  A ball python zombie (D)
  A bat (D)
  2 frilled lizards (D)
  A jackal zombie (D)
24 creatures vanquished.

Notes
Turn   | Place    | Note
-------+----------+-------------------------------------------
     0 | D        | rocky1 the Draconian Shapeshifter began the quest for the
                  | Orb.
     0 | D        | Reached XP level 1. HP: 16/16 MP: 1/1
    24 | D        | Found a bloodstained altar of Trog.
    24 | D        | Found a shimmering blue altar of Sif Muna.
    24 | D        | Found a viscous altar of Jiyva.
    24 | D        | Found a hazy altar of Hepliaklqana.
    24 | D        | Found an opulent altar of Gozag.
    47 | D        | Found a glowing golden altar of the Shining One.
    47 | D        | Found a glowing silver altar of Zin.
    47 | D        | Found a basalt altar of Yredelemnul.
    47 | D        | Found a shimmering altar of Xom.
    47 | D        | Found an ornate altar of the Wu Jian Council.
    47 | D        | Found a sacrificial altar of Ru.
    47 | D        | Found a stormy altar of Qazlal.
    47 | D        | Found an iron altar of Okawaru.
    47 | D        | Found a sparkling altar of Nemelex Xobeh.
    47 | D        | Found a burning altar of Makhleb.
    47 | D        | Found a blossoming altar of Fedhas.
    47 | D        | Found a white marble altar of Elyvilon.
    47 | D        | Found a shadowy altar of Dithmenos.
    47 | D        | Found a snail-covered altar of Cheibriados.
    51 | D        | Found a corrupted altar of Lugonu.
    51 | D        | Found a radiant altar of Vehumet.
    52 | D        | Found a broken altar of Ashenzari.
    52 | D        | Found an ancient bone altar of Kikubaaqudgha.
    52 | D        | Found a hide-covered altar of Uskayaw.
    54 | D        | Became a worshipper of Gozag Ym Sagoz the Greedy
    71 | D        | Reached XP level 2. HP: 17/23 MP: 2/2
   100 | D        | Reached skill level 4 in Unarmed Combat
   221 | D        | Noticed a water moccasin
   248 | D        | Killed a water moccasin
   249 | D        | Reached skill level 6 in Unarmed Combat
   249 | D        | Reached XP level 3. HP: 21/29 MP: 3/3
   249 | D        | Reached XP level 4. HP: 27/36 MP: 4/4
   382 | D        | Noticed Sigmund
   394 | D        | Reached XP level 5. HP: 31/41 MP: 5/5
   404 | D        | Killed Sigmund
   405 | D        | Reached skill level 8 in Unarmed Combat
   405 | D        | Reached XP level 6. HP: 25/50 MP: 6/6
   771 | D        | Noticed a blink frog
   777 | D        | Killed a blink frog
   778 | D        | Reached skill level 5 in Dodging
   778 | D        | Reached skill level 1 in Stealth
   778 | D        | Reached skill level 10 in Unarmed Combat
  1075 | D        | Noticed a warg
  1075 | D        | Noticed a water moccasin
  1078 | D        | Killed a water moccasin
  1079 | D        | Your scales start taking on a fiery red colour.
  1079 | D        | Reached XP level 7. HP: 42/57 MP: 7/7
  1079 | D        | Gained mutation: Your flesh is heat resistant. (rF+) [Red
                  | Draconian growth]
  1087 | D        | Reached skill level 11 in Unarmed Combat
  1273 | D        | Noticed a red devil
  1282 | D        | Slain by a shadow wraith

Illustrated notes

Levels and vault maps discovered:
D:        pitsprint [storerooms_1, entrance_room_1, metal_vault_1, armoury_2,
          mini_pit_1, grid_room_1, main_hall_1, silver_pit, the_coven_1,
          the_vestibule_1, steel_vault_4, golden_pit, hallway_of_sentries,
          crystal_vault_5, iron_vault_1, final_vault]

Skill      XL: |  1  2  3  4  5  6  7 |
---------------+----------------------+-----
Dodging        | 2 3 4 5 |  5.9
Shapeshifting  | 4 6 8 9 |  9.4
Unarmed Combat | 6 8 10 11 | 11.5
Fighting       | 2 3 |  3.7
Stealth        | 1 2 |  2.0

Action                     |  1- 3 |  4- 6 |  7- 9 || total
---------------------------+-------+-------+-------++-------
  Melee: Unarmed           |    37 |    33 |    13 ||    83
         Tailslap          |     3 |     6 |     2 ||    11
         Punch             |       |     1 |     1 ||     2
Ability: Breathe Fire      |       |       |     1 ||     1
    Use: Potion            |     2 |       |       ||     2
   Stab: Sleeping          |       |     1 |       ||     1
 Armour: Skin              |    14 |     9 |       ||    23
  Dodge: Dodged            |    21 |    14 |     6 ||    41

Table legend: (Time is in decaauts)
 A = Elapsed time spent in this place.
 B = Non-inter-level travel time spent in this place.
 C = Inter-level travel time spent in this place.
 D = Time resting spent in this place.
 E = Time spent auto-exploring this place.
 F = Levels seen in this place.
 G = Mean time per level.
                   A        B        C        D        E       F      G
               +--------+--------+--------+--------+--------+-----+--------+
         Total |   1281 |   1260 |     21 |   1014 |      0 |   1 | 1281.0 |
       Dungeon |   1281 |   1260 |     21 |   1014 |      0 |   1 | 1281.0 |
               +--------+--------+--------+--------+--------+-----+--------+

Top non-repeatable levels by time:
       D: 1281 daAuts
